[Event "Titled Tuesday Blitz January 04 2022"]
[White "Punin, Andrii"]
[Black "Terry, Renato"]
[WhiteFideId "14112639"]
[BlackFideId "3803457"]
[WhiteElo "2357"]
[BlackElo "2577"]
[Result "1-0"]
[Round "06"]
[TimeControl "180+1"]
[Date "2022.01.04"]
[WhiteClock "0:00:10"]
[BlackClock "0:00:02"]

1. e4 e6 2. Be2 c5 3. f4 Nc6 4. Nf3 d5 5. d3 Nf6 6. e5 Ng4 7. c3 h5 8. Na3 Nh6 9. Be3 Nf5 10. Bf2 a6 11. O-O b5 12. Nc2 d4 13. Nd2 dxc3 14. bxc3 Bb7 15. Ne4 c4 16. dxc4 Nxe5 17. fxe5 Bxe4 18. Nd4 Qc7 19. cxb5 Qxe5 20. Nxf5 exf5 21. bxa6 Bd6 22. Qa4+ Ke7 23. Bg3 Qc5+ 24. Bf2 Qc7 25. Bh4+ f6 26. Bf3 Qb6+ 27. Bf2 Qxa6 28. Qxa6 Rxa6 29. Rfe1 Ra4 30. Bd4 Rha8 31. Bxe4 fxe4 32. Rxe4+ Kf7 33. Re2 h4 34. h3 Rb8 35. Kf2 Rb7 36. Kf3 Kg6 37. Rd1 Rb5 38. Ke3 Rg5 39. Rf1 Rga5 40. Kd3 Rxa2 41. Rxa2 Rxa2 42. Rf2 Ra5 43. Ke4 Bg3 44. Rc2 Kf7 45. c4 Ra4 46. Be3 Ra8 47. Bf4 Re8+ 48. Kf3 Bxf4 49. Kxf4 g5+ 50. Kf3 Re5 51. c5 Ke7 52. c6 Kd8 53. c7+ Kc8 54. Rc6 Rf5+ 55. Ke2 Rf4 56. Ke3 Rf5 57. Ke2 Rf4 58. Ke3 Rf1 59. Ke2 Rf5 60. Ke3 Rf4 61. Ke2 f5 62. Rg6 g4 63. hxg4 fxg4 64. Rh6 g3 65. Ke3 Ra4 66. Rh7 Rb4 67. Kf3 Rc4 68. Ke3 Rc6 69. Kf3 Rc4 70. Ke3 Ra4 71. Kf3 Rb4 72. Ke3 Kb7 73. Kf3 Rc4 74. Ke3 Ra4 75. Kf3 Ra3+ 76. Kg4 Ra4+ 77. Kh3 Kc8 78. Rxh4 Ra1 79. Rh7 Ra3 80. Rg7 Rb3 81. Rxg3 Rb6 82. Rg7 Rh6+ 83. Kg4 Rh2 84. g3 Kb7 85. Kf4 Rf2+ 86. Kg5 Re2 87. g4 Kc8 88. Kh5 Rh2+ 89. Kg6 Rg2 90. g5 Rg1 91. Rf7 Rg2 92. Kh6 Rh2+ 93. Kg7 Rg2 94. g6 Rg1 95. Kh7 Rh1+ 96. Kg8 Rg1 97. g7 Rg2 98. Kf8 Rg1 99. g8=Q 1-0


[Site "https://www.chess.com"]

[Event "Titled Tuesday Blitz January 04 2022"]
[White "Ronka, Erik"]
[Black "Maghsoodloo, Parham"]
[WhiteFideId "505080"]
[BlackFideId "12539929"]
[WhiteElo "2264"]
[BlackElo "2630"]
[Result "0-1"]
[Round "06"]
[TimeControl "180+1"]
[Date "2022.01.04"]
[WhiteClock "0:00:02"]
[BlackClock "0:00:42"]

1. d4 d5 2. Nf3 Nf6 3. g3 c5 4. Bg2 cxd4 5. O-O h6 6. b3 e6 7. Bb2 Bc5 8. Nxd4 O-O 9. c4 e5 10. Nf3 e4 11. Nd4 dxc4 12. bxc4 Bg4 13. h3 Bxd4 14. Qxd4 Bxe2 15. Re1 Qxd4 16. Bxd4 Bxc4 17. Nc3 Nbd7 18. Nxe4 Bd5 19. Bxf6 gxf6 20. Rad1 Bxe4 21. Bxe4 Nc5 22. Bf3 Rfe8 23. Kg2 Kf8 24. Rf1 Rad8 25. Rc1 b6 26. Rc2 Rd3 27. Rfc1 Red8 28. h4 Rd2 29. g4 R8d3 30. Bc6 Ne6 31. Be4 Nf4+ 32. Kh1 Rd4 33. Bf3 Nh3 34. Rxd2 Rxd2 35. Rc8+ Kg7 36. Rc7 Nxf2+ 37. Kg1 a5 38. Rb7 Nd3 39. Rxb6 Ne5 40. Rb3 Rxa2 41. Be4 Nxg4 42. Rg3 h5 43. Bf3 Ra3 44. Kg2 a4 45. Kh3 f5 46. Kg2 f4 47. Rh3 Re3 48. Rh1 a3 49. Ra1 Kg6 50. Bd5 Rg3+ 51. Kf1 Ne3+ 52. Kf2 Nxd5 0-1


[Site "https://www.chess.com"]

[Event "Titled Tuesday Blitz January 04 2022"]
[White "Sadhwani, Raunak"]
[Black "Sanal, Vahap"]
[WhiteFideId "35093487"]
[BlackFideId "6300545"]
[WhiteElo "2616"]
[BlackElo "2603"]
[Result "0-1"]
[Round "06"]
[TimeControl "180+1"]
[Date "2022.01.04"]
[WhiteClock "0:00:02"]
[BlackClock "0:00:33"]

1. e4 e5 2. Nf3 Nc6 3. Bc4 Bc5 4. c3 Nf6 5. d3 d6 6. O-O a6 7. a4 Ba7 8. Na3 h6 9. Nc2 O-O 10. Be3 d5 11. exd5 Nxd5 12. Bxa7 Rxa7 13. a5 Nf4 14. Ne3 b5 15. axb6 cxb6 16. g3 b5 17. Bb3 Nxd3 18. Bd5 Nxb2 19. Qb3 Ne7 20. Bxf7+ Rxf7 21. Nxe5 Nc4 22. Nxf7 Kxf7 23. Nxc4 bxc4 24. Qxc4+ Be6 25. Qf4+ Kg8 26. Qe3 Qd7 27. Rfd1 Nd5 28. Qe5 Qf7 29. c4 Nf6 30. c5 Bd5 31. Ra3 Re7 32. Qd6 Qh5 33. Rad3 Re6 34. Qf4 Re4 35. Qd6 Re6 36. Qf4 Qh3 37. f3 Re2 0-1


[Site "https://www.chess.com"]

[Event "Titled Tuesday Blitz January 04 2022"]
[White "Safarli, Eltaj"]
[Black "Golubev, Mikhail"]
[WhiteFideId "13402129"]
[BlackFideId "14100983"]
[WhiteElo "2634"]
[BlackElo "2374"]
[Result "1-0"]
[Round "06"]
[TimeControl "180+1"]
[Date "2022.01.04"]
[WhiteClock "0:02:35"]
[BlackClock "0:01:35"]

1. e4 c5 2. Nc3 g6 3. h4 h5 4. Nf3 Bg7 5. Bc4 Nc6 6. d3 d6 7. Bg5 Bg4 8. Qd2 Nf6 9. Nh2 Bd7 10. O-O O-O 11. f4 Nh7 12. f5 Nxg5 13. Qxg5 Kh7 14. Bxf7 Rxf7 15. fxg6+ 1-0


[Site "https://www.chess.com"]

[Event "Titled Tuesday Blitz January 04 2022"]
[White "Samadov, Read"]
[Black "Vovk, Orest"]
[WhiteFideId "13417444"]
[BlackFideId "14113490"]
[WhiteElo "2084"]
[BlackElo "2203"]
[Result "1-0"]
[Round "06"]
[TimeControl "180+1"]
[Date "2022.01.04"]
[WhiteClock "0:00:40"]
[BlackClock "0:00:05"]

1. d4 h6 2. c4 g5 3. Nc3 Bg7 4. h4 c5 5. d5 Bxc3+ 6. bxc3 Qa5 7. hxg5 hxg5 8. Rxh8 Qxc3+ 9. Qd2 Qxh8 10. Bb2 Qh6 11. Nf3 g4 12. Ng5 f6 13. Ne4 Qxd2+ 14. Kxd2 d6 15. e3 Nd7 16. Be2 Ne5 17. Rh1 Bf5 18. Ng3 Bg6 19. Bxe5 dxe5 20. Bxg4 Kf7 21. Be6+ Kg7 22. f4 exf4 23. exf4 Nh6 24. f5 Bf7 25. Rxh6 Kxh6 26. Bxf7 Kg5 27. Ne4+ Kxf5 28. Nxc5 b6 29. Nd3 Rh8 30. Ke3 Rh1 31. Be6+ Kg5 32. Nb4 f5 33. Nc6 Kf6 34. Nxa7 Rc1 35. Kd3 Rd1+ 36. Kc3 Rc1+ 37. Kd4 Rd1+ 38. Ke3 Rc1 39. Nc8 Rxc4 40. Nxb6 Rc3+ 41. Kf4 Ra3 42. Nd7+ Kg7 43. Bxf5 Rxa2 44. g4 Rd2 45. Be6 Rf2+ 46. Kg3 Rd2 47. Ne5 Rd1 48. Nf3 Kf6 49. Kf4 Ra1 50. g5+ Kg7 51. Nd4 Ra4 52. Ke5 Ra1 53. Nf5+ Kf8 54. g6 Re1+ 55. Kf4 Rf1+ 56. Ke3 Rg1 57. g7+ Rxg7 58. Nxg7 Kxg7 59. Kd4 Kf6 60. Kc5 Ke5 61. Kc6 1-0


[Site "https://www.chess.com"]

[Event "Titled Tuesday Blitz January 04 2022"]
[White "Sarana, Alexey"]
[Black "Matinian, Nikita"]
[WhiteFideId "24133795"]
[BlackFideId "24129100"]
[WhiteElo "2665"]
[BlackElo "2422"]
[Result "1-0"]
[Round "06"]
[TimeControl "180+1"]
[Date "2022.01.04"]
[WhiteClock "0:01:43"]
[BlackClock "0:00:34"]

1. d4 Nf6 2. c4 e6 3. Nc3 Bb4 4. e3 b6 5. Ne2 Ba6 6. a3 Bxc3+ 7. Nxc3 O-O 8. Bd3 d5 9. cxd5 Bxd3 10. Qxd3 exd5 11. O-O Re8 12. f3 Nbd7 13. Rd1 c5 14. Bd2 c4 15. Qf5 g6 16. Qg5 Nf8 17. Be1 Ne6 18. Qh6 Nh5 19. g4 Nhg7 20. Bh4 f6 21. e4 g5 22. Nxd5 gxh4 23. Nxf6+ Kf8 24. d5 Nc5 25. Nxh7+ Kg8 26. Ng5 Qb8 27. Qh7+ Kf8 28. Qh8+ Ke7 29. Qxg7+ Kd6 30. e5+ 1-0


[Site "https://www.chess.com"]

[Event "Titled Tuesday Blitz January 04 2022"]
[White "Sipetin, Vladislav"]
[Black "Nogerbek, Kazybek"]
[WhiteFideId "24176893"]
[BlackFideId "13710427"]
[WhiteElo "2228"]
[BlackElo "2478"]
[Result "1-0"]
[Round "06"]
[TimeControl "180+1"]
[Date "2022.01.04"]
[WhiteClock "0:00:16"]
[BlackClock "0:00:02"]

1. e4 c5 2. c3 d5 3. exd5 Qxd5 4. d4 Nf6 5. Nf3 e6 6. Na3 Nc6 7. Nb5 Qd8 8. dxc5 Bxc5 9. Qxd8+ Kxd8 10. Bf4 Ne4 11. Nbd4 Nxd4 12. Nxd4 Bd7 13. f3 Bd6 14. Bxd6 Nxd6 15. O-O-O Kc7 16. Be2 e5 17. Nc2 Be6 18. Ne3 Rhd8 19. Nd5+ Bxd5 20. Rxd5 f6 21. Rhd1 b6 22. Kc2 Nf5 23. Rxd8 Rxd8 24. Rxd8 Kxd8 25. Kd3 Kc7 26. Ke4 Ne7 27. f4 exf4 28. Kxf4 Kd6 29. Bd3 g6 30. g4 Nd5+ 31. Ke4 Nc7 32. Bc4 Ne8 33. b4 h6 34. Bf7 f5+ 35. gxf5 Nf6+ 36. Ke3 g5 37. Kd4 Ng4 38. c4 Nxh2 39. c5+ bxc5+ 40. bxc5+ Ke7 41. Bc4 Ng4 42. Be2 Nf6 43. c6 Kd6 44. c7 Kxc7 45. Ke5 Nd7+ 46. Ke6 Nc5+ 47. Ke7 Ne4 48. f6 Nxf6 49. Kxf6 Kd6 50. Kg6 Ke5 51. Kxh6 Kf4 52. Kh5 a5 53. a4 Kf5 54. Bb5 Kf4 55. Bd7 1-0


[Site "https://www.chess.com"]

[Event "Titled Tuesday Blitz January 04 2022"]
[White "Sjugirov, Sanan"]
[Black "Roshka, Yevgeniy"]
[WhiteFideId "4189302"]
[BlackFideId "14129558"]
[WhiteElo "2602"]
[BlackElo "2437"]
[Result "1-0"]
[Round "06"]
[TimeControl "180+1"]
[Date "2022.01.04"]
[WhiteClock "0:00:19"]
[BlackClock "0:00:35"]

1. d4 Nf6 2. c4 c5 3. d5 e6 4. Nc3 d6 5. Nf3 g6 6. e4 Bg7 7. h3 O-O 8. Be3 Re8 9. Bd3 Na6 10. O-O Nc7 11. a4 e5 12. g4 h5 13. Nh2 Nh7 14. Kg2 hxg4 15. hxg4 Qh4 16. Qf3 Bh6 17. Bxh6 Qxh6 18. Nd1 Na6 19. Ne3 Nb4 20. Be2 Ng5 21. Qg3 Nxe4 22. Qf3 Ng5 23. Qg3 Ne4 24. Qf3 Qf4 25. Rfd1 Qxf3+ 26. Nxf3 Kg7 27. Rh1 Bd7 28. g5 Rh8 1-0


[Site "https://www.chess.com"]

[Event "Titled Tuesday Blitz January 04 2022"]
[White "Tanenbaum, Zachary"]
[Black "Tsydypov, Zhamsaran"]
[WhiteFideId "2060850"]
[BlackFideId "4108566"]
[WhiteElo "2168"]
[BlackElo "2614"]
[Result "0-1"]
[Round "06"]
[TimeControl "180+1"]
[Date "2022.01.04"]
[WhiteClock "0:00:04"]
[BlackClock "0:00:22"]

1. e4 c5 2. Nf3 d6 3. d4 cxd4 4. Nxd4 Nf6 5. Nc3 a6 6. Be3 e5 7. Nb3 Be6 8. h3 Be7 9. f4 exf4 10. Bxf4 O-O 11. Qe2 a5 12. a3 Nc6 13. O-O-O a4 14. Nc5 Qb6 15. N3xa4 Qa5 16. Nxe6 fxe6 17. Nc3 Nh5 18. Bh2 Nf4 19. Bxf4 Rxf4 20. g3 Rf7 21. h4 Bf6 22. Nb5 Be5 23. Bh3 Re7 24. Qc4 Kh8 25. Rd3 Qb6 26. Rf1 h6 27. Rdf3 Kh7 28. Rb3 Na5 29. Qd3 Nxb3+ 30. Qxb3 Qc6 31. Kb1 Rae8 32. Qd3 Qb6 33. h5 Rc8 34. Rd1 Rf8 35. Qb3 Qf2 36. Bxe6 Qe2 37. Rd3 Rf1+ 38. Ka2 Qe1 39. Bf5+ Kh8 40. Qc4 Qb1+ 41. Kb3 Qxb2+ 42. Ka4 Re8 43. Rb3 Ra8+ 44. Kb4 Qc1 45. Nc7 Rg8 46. Qf7 Qxc2 47. Qg6 Qc5+ 48. Ka4 Rxf5 49. exf5 Qxc7 50. Rb4 Qc2+ 51. Kb5 Qc6+ 52. Ka5 Qa6# 0-1


[Site "https://www.chess.com"]

[Event "Titled Tuesday Blitz January 04 2022"]
[White "Timofeev, Artyom"]
[Black "Andreikin, Dmitry"]
[WhiteFideId "4140419"]
[BlackFideId "4158814"]
[WhiteElo "2583"]
[BlackElo "2736"]
[Result "1/2-1/2"]
[Round "06"]
[TimeControl "180+1"]
[Date "2022.01.04"]
[WhiteClock "0:00:03"]
[BlackClock "0:00:09"]

1. d4 d5 2. c4 c6 3. Nf3 Nf6 4. Nc3 a6 5. Ne5 dxc4 6. g3 Nbd7 7. Nxc4 b5 8. Nd2 Bb7 9. Bg2 e6 10. O-O Be7 11. Nb3 O-O 12. Bg5 Qb6 13. Ne4 Rfd8 14. Qc2 h6 15. Nxf6+ Nxf6 16. Bd2 a5 17. e3 Nd5 18. Rfc1 Nb4 19. Qe4 a4 20. Nc5 Nd5 21. Qc2 Bxc5 22. Qxc5 Qxc5 23. Rxc5 f5 24. a3 Kf7 25. Rac1 Rac8 26. Bf1 Nf6 27. Ba5 Rd5 28. Rxd5 exd5 29. f3 Re8 30. Kf2 g5 31. Bc7 g4 32. Be5 gxf3 33. Bxf6 Kxf6 34. Kxf3 Re6 35. Bd3 Re8 36. Kf4 Rb8 37. Bxf5 Ba8 38. g4 b4 39. axb4 Rxb4 40. Rc2 c5 41. Rxc5 Rxb2 42. Ra5 Bb7 43. Rxa4 Rxh2 44. Ra7 Rb2 45. Ra5 Rf2+ 46. Kg3 Rb2 47. Rc5 h5 48. Rc7 hxg4 49. Bxg4 Rb1 50. Be2 Ke6 51. Bg4+ Kd6 52. Rd7+ Kc6 53. Be6 Bc8 54. Re7 Kd6 55. Bxc8 Kxe7 56. Bf5 Rb2 57. e4 dxe4 58. Bxe4 Rb4 59. Kf4 Rxd4 60. Ke3 Rd6 61. Kf3 Rf6+ 62. Kg4 Kd6 63. Bf3 Ke5 64. Bb7 Rb6 65. Bf3 Rb4+ 66. Kg5 Rb3 67. Bc6 Rg3+ 68. Kh6 Kf6 69. Kh7 Rc3 70. Bd5 Rc7+ 71. Kh8 Re7 72. Bc4 Re4 73. Bb3 Rh4+ 74. Kg8 Rb4 75. Ba2 Kg6 76. Kh8 Rb8+ 77. Bg8 Rb7 78. Bd5 Rb5 79. Be6 Rh5+ 80. Kg8 Re5 81. Bf7+ Kf6 82. Bb3 Rb5 83. Bc4 Rb4 84. Ba2 Rb8+ 85. Kh7 Ra8 86. Bb3 Ra3 87. Bc4 Rg3 88. Kh8 Kg6 89. Be6 Re3 90. Bd5 Re5 91. Bc4 Rh5+ 92. Kg8 Rc5 93. Bd3+ Kf6 94. Kh8 Rc8+ 95. Kh7 Rd8 96. Bc2 Rd4 97. Kh8 Kf7 98. Bb3+ Kf8 99. Bc2 Rd6 100. Be4 Re6 101. Bf5 Re5 102. Bd3 Kf7 103. Bc4+ Kf6 104. Bd3 Rg5 105. Kh7 Rg7+ 106. Kh8 Rd7 107. Bc2 Kf7 108. Bb3+ Kg6 109. Bc2+ Kh6 1/2-1/2


[Site "https://www.chess.com"]

[Event "Titled Tuesday Blitz January 04 2022"]
[White "Volkov, Maksim"]
[Black "Kamsky, Gata"]
[WhiteFideId "54123070"]
[BlackFideId "2000024"]
[WhiteElo "2081"]
[BlackElo "2645"]
[Result "0-1"]
[Round "06"]
[TimeControl "180+1"]
[Date "2022.01.04"]
[WhiteClock "0:00:09"]
[BlackClock "0:01:09"]

1. d4 Nf6 2. c4 e6 3. g3 d5 4. Nf3 Bb4+ 5. Bd2 Be7 6. Bg2 O-O 7. O-O Nbd7 8. Qc2 c6 9. Rd1 a5 10. Bf4 Nh5 11. Bc1 f5 12. b3 b5 13. Nc3 Ba6 14. cxb5 cxb5 15. Qd2 Rc8 16. Bb2 Nhf6 17. Ne1 Qb6 18. e3 b4 19. Ne2 Ne4 20. Bxe4 fxe4 21. Rac1 Qb5 22. Rxc8 Rxc8 23. Kf1 Nf6 24. h3 h5 25. Rc1 Rxc1 26. Bxc1 Nh7 27. Ng2 Ng5 28. Nf4 Qc6 29. Nxh5 Nxh3 30. Bb2 Ng5 31. Qc1 Qxc1+ 32. Bxc1 Nf3 33. Nf4 Kf7 34. Nh3 g5 35. g4 Bd6 36. Bb2 Kg6 37. Bc1 Nh2+ 38. Ke1 Nxg4 39. Bd2 Nh2 40. Nhg1 Kf5 41. Bc1 Kg4 42. Kd2 Nf3+ 43. Kd1 Bh2 44. Nxf3 exf3 0-1


[Site "https://www.chess.com"]

[Event "Titled Tuesday Blitz January 04 2022"]
[White "Yanchenko, Roman"]
[Black "Albornoz Cabrera, Carlos Daniel"]
[WhiteFideId "4137329"]
[BlackFideId "3518736"]
[WhiteElo "2514"]
[BlackElo "2490"]
[Result "0-1"]
[Round "06"]
[TimeControl "180+1"]
[Date "2022.01.04"]
[WhiteClock "0:00:08"]
[BlackClock "0:00:08"]

1. d4 Nf6 2. c4 g6 3. Nf3 Bg7 4. Nc3 O-O 5. Bf4 d6 6. e3 Nbd7 7. Be2 Re8 8. O-O b6 9. h3 Bb7 10. Rc1 e5 11. dxe5 dxe5 12. Bg3 Ne4 13. Nxe4 Bxe4 14. Bh4 Qc8 15. b4 a5 16. a3 axb4 17. axb4 Nf6 18. Qb3 Qb7 19. Rfd1 h6 20. Bg3 Nh7 21. c5 bxc5 22. Rxc5 Nf8 23. Rdc1 Ne6 24. Rb5 Qa7 25. Bxe5 Bf8 26. Nd2 Bb7 27. Bf3 Bxf3 28. Nxf3 Qa6 29. Ra5 Qb7 30. Rxa8 Rxa8 31. b5 Rb8 32. Nd4 Nc5 33. Qc4 Re8 34. Nc6 Ne6 35. Bb2 Qb6 36. Rd1 Qc5 37. Qxc5 Nxc5 38. Rd5 Ne6 39. g3 Ra8 40. Be5 Ra3 41. Nd8 Ng5 42. Kg2 Ra2 43. Rd4 Bc5 44. Rd3 Ne4 45. Nc6 Rxf2+ 46. Kg1 f6 47. Bd4 Bd6 48. b6 cxb6 49. Bxb6 Rc2 50. Nd4 Rb2 51. Ba5 Bxg3 52. Ne6 Bf2+ 53. Kf1 Bg3 54. Rd8+ Kf7 55. Nd4 Rf2+ 56. Kg1 Ra2 57. Rd7+ Ke8 58. Rd8+ Ke7 59. Nc6+ Ke6 60. Re8+ Kd5 61. Rxe4 Kxe4 62. Bc3 Kf3 63. Nd4+ Kxe3 64. Ne6 Kf3 65. Nd4+ Ke4 66. Nb5 Be5 67. Kf1 Rc2 68. Bxe5 Kxe5 69. Na7 Rc5 70. Nb5 Rxb5 0-1


[Site "https://www.chess.com"]

[Event "Titled Tuesday Blitz January 04 2022"]
[White "Yilmaz, Mustafa"]
[Black "Darini, Pouria"]
[WhiteFideId "6302718"]
[BlackFideId "12502200"]
[WhiteElo "2568"]
[BlackElo "2489"]
[Result "0-1"]
[Round "06"]
[TimeControl "180+1"]
[Date "2022.01.04"]
[WhiteClock "0:02:13"]
[BlackClock "0:00:43"]

1. c4 e5 2. Nc3 Bb4 3. Nd5 a5 4. a3 Be7 5. Nf3 Nc6 6. d3 Nf6 7. Nxe7 Qxe7 8. g3 d6 9. Bg2 O-O 10. O-O Bg4 11. Rb1 a4 12. h3 Bh5 13. b4 axb3 14. Rxb3 b6 15. g4 Bg6 16. Nh4 Nd4 17. Rb2 Rxa3 18. e3 Rxd3 19. Nxg6 hxg6 20. Qxd3 Ne6 21. Ra2 e4 22. Qc3 Ng5 23. Bb2 Qe6 24. Rfa1 Kh7 25. Ra8 Rxa8 26. Rxa8 Nf3+ 27. Bxf3 exf3 28. Qd4 c5 29. Qf4 Ne4 30. Qh6+ Kxh6 31. Rh8+ Kg5 32. Bxg7 Qxc4 0-1


[Site "https://www.chess.com"]

[Event "Titled Tuesday Blitz January 04 2022"]
[White "Yuan, Qingyu"]
[Black "Azadaliyev, Jahandar"]
[WhiteFideId "8609772"]
[BlackFideId "13425811"]
[WhiteElo "2359"]
[BlackElo "1795"]
[Result "1-0"]
[Round "06"]
[TimeControl "180+1"]
[Date "2022.01.04"]
[WhiteClock "0:00:12"]
[BlackClock "0:00:36"]

1. Nf3 d5 2. g3 Nf6 3. Bg2 e6 4. O-O b6 5. b3 Bb7 6. Bb2 Nbd7 7. c4 Be7 8. cxd5 exd5 9. d3 O-O 10. Nbd2 Re8 11. Rc1 c6 12. e4 dxe4 13. dxe4 Ba6 14. Re1 Nc5 15. Ne5 Rc8 16. b4 Nd3 17. Nxd3 Bxd3 18. Qb3 Ba6 19. Nc4 Qd7 20. Ne5 Qe6 21. Qxe6 fxe6 22. Nxc6 Bf8 23. a4 Bb7 24. b5 Bc5 25. h3 a5 26. Bxf6 gxf6 27. e5 f5 28. Red1 Rc7 29. Kf1 Rec8 30. Ke2 Kf8 31. Rc3 Ke8 32. Bf3 Bf8 33. Bh5+ Rf7 34. Rd8+ Rxd8 35. Bxf7+ Kd7 36. Rd3+ Kc7 37. Nxd8 Bd5 38. Nxe6+ Bxe6 39. Bxe6 Bc5 40. f4 1-0


[Site "https://www.chess.com"]

[Event "Titled Tuesday Blitz January 04 2022"]
[White "Zhigalko, Sergei"]
[Black "Ozen, Bahadir"]
[WhiteFideId "13502956"]
[BlackFideId "6337058"]
[WhiteElo "2662"]
[BlackElo "2503"]
[Result "0-1"]
[Round "06"]
[TimeControl "180+1"]
[Date "2022.01.04"]
[WhiteClock "0:00:02"]
[BlackClock "0:00:08"]

1. e4 c6 2. d4 d5 3. e5 Bf5 4. Nf3 e6 5. Be2 c5 6. Be3 cxd4 7. Nxd4 Ne7 8. Nd2 Nbc6 9. N2f3 Be4 10. O-O Rc8 11. Rc1 a6 12. c3 h6 13. Re1 Qd7 14. Bd3 Bxd3 15. Qxd3 Nxd4 16. Nxd4 Nc6 17. Nf3 Be7 18. Rcd1 Qc7 19. Bf4 Bc5 20. Re2 Ne7 21. h4 Bb6 22. Qd2 Qc4 23. a3 Nf5 24. h5 Rg8 25. g3 g5 26. hxg6 Rxg6 27. Kg2 Kd7 28. Rh1 Rcg8 29. Rh3 Kc8 30. Nh4 Nxh4+ 31. Rxh4 Qc6 32. Kh2 Bd8 33. Rh5 Bg5 34. Qe3 Kb8 35. Qf3 Qc4 36. Bxg5 hxg5 37. Re3 R6g7 38. Kg2 g4 39. Qf4 Qb5 40. b4 Rc8 41. Rg5 Rxg5 42. Qxg5 d4 43. cxd4 Qd5+ 44. Kh2 Rh8+ 45. Qh4 Rxh4+ 46. gxh4 Qxd4 47. Kg3 Kc7 48. h5 Qd8 49. Kxg4 Qg8+ 50. Kh4 Qh8 51. f4 Qh6 52. Kg4 Kd7 53. Rc3 Qg7+ 54. Kh4 f6 55. Re3 fxe5 56. Rxe5 Qf6+ 57. Kg4 Ke7 58. Rg5 b6 59. Kg3 Qc3+ 60. Kg4 Qf6 61. Kg3 a5 62. bxa5 bxa5 63. Rxa5 Qc3+ 64. Kg4 Qxa5 0-1


[Site "https://www.chess.com"]

[Event "Titled Tuesday Blitz January 04 2022"]
[White "Afanasiev, Nikita"]
[Black "Kim, Sergey"]
[WhiteFideId "24183555"]
[BlackFideId "13700570"]
[WhiteElo "2564"]
[BlackElo "2605"]
[Result "0-1"]
[Round "07"]
[TimeControl "180+1"]
[Date "2022.01.04"]
[WhiteClock "0:00:07"]
[BlackClock "0:01:09"]

1. e4 e5 2. Nf3 Nc6 3. d4 exd4 4. Nxd4 Bc5 5. Be3 Qf6 6. c3 Nge7 7. Bc4 d6 8. O-O a6 9. Re1 Ne5 10. Be2 h5 11. h3 Qg6 12. f4 Bxh3 13. Bf1 Bg4 14. Qb3 Bxd4 15. cxd4 Nf3+ 16. gxf3 Be6+ 17. Kf2 Bxb3 18. f5 Qf6 19. axb3 O-O-O 20. Nc3 d5 21. Bg2 g6 22. Bh3 Kb8 23. e5 Qh4+ 24. Kg2 Nxf5 25. Bf2 Qg5+ 26. Kh2 Qf4+ 27. Kg2 Nh4+ 28. Bxh4 Qxh4 29. Ne2 g5 30. Rh1 g4 31. Bxg4 Qg5 0-1


[Site "https://www.chess.com"]

[Event "Titled Tuesday Blitz January 04 2022"]
[White "Albornoz Cabrera, Carlos Daniel"]
[Black "Maksimovic, Bojan"]
[WhiteFideId "3518736"]
[BlackFideId "14408120"]
[WhiteElo "2490"]
[BlackElo "2450"]
[Result "1-0"]
[Round "07"]
[TimeControl "180+1"]
[Date "2022.01.04"]
[WhiteClock "0:00:45"]
[BlackClock "0:00:02"]

1. e4 c5 2. Nf3 Nc6 3. Bb5 e6 4. O-O Nge7 5. c3 a6 6. Bd3 d5 7. e5 Ng6 8. Re1 Qc7 9. Bxg6 hxg6 10. d4 b6 11. Be3 a5 12. a4 Ba6 13. Na3 cxd4 14. cxd4 Nb4 15. Rc1 Qd7 16. Rc3 Be7 17. Bg5 f6 18. exf6 gxf6 19. Bf4 Rc8 20. Nb5 Bxb5 21. axb5 Kf7 22. Qe2 Rhe8 23. h4 Bd6 24. Qd2 Rh8 25. Rec1 Be7 26. Rc7 Rxc7 27. Rxc7 Qxb5 28. Bd6 Nc6 29. Qc2 Rd8 30. h5 Rxd6 31. Qxg6+ Kf8 32. h6 Nd8 33. h7 1-0


[Site "https://www.chess.com"]

[Event "Titled Tuesday Blitz January 04 2022"]
[White "Andreikin, Dmitry"]
[Black "Kravtsiv, Martyn"]
[WhiteFideId "4158814"]
[BlackFideId "14113147"]
[WhiteElo "2736"]
[BlackElo "2694"]
[Result "0-1"]
[Round "07"]
[TimeControl "180+1"]
[Date "2022.01.04"]
[WhiteClock "0:00:21"]
[BlackClock "0:00:34"]

1. d4 Nf6 2. c4 e6 3. Nf3 d5 4. Nc3 Nbd7 5. Bf4 Bb4 6. cxd5 exd5 7. Qc2 O-O 8. a3 Bxc3+ 9. Qxc3 c5 10. dxc5 Ne4 11. Qc2 Ndxc5 12. b4 Ne6 13. Be5 a5 14. e3 axb4 15. axb4 Rxa1+ 16. Bxa1 Qb6 17. Qb2 Bd7 18. Bd3 Bb5 19. Nd4 Nxd4 20. Bxb5 Qxb5 21. Qxd4 f6 22. Qd1 Ra8 23. f3 Qxb4+ 24. Kf1 Nd2+ 25. Kg1 Qb3 26. Kf2 Ra2 27. Kg3 Qxe3 28. h4 Ne4+ 0-1


[Site "https://www.chess.com"]

[Event "Titled Tuesday Blitz January 04 2022"]
[White "Babazada, Khazar"]
[Black "Shipov, Sergei"]
[WhiteFideId "13413554"]
[BlackFideId "4113624"]
[WhiteElo "2418"]
[BlackElo "2784"]
[Result "1/2-1/2"]
[Round "07"]
[TimeControl "180+1"]
[Date "2022.01.04"]
[WhiteClock "0:00:07"]
[BlackClock "0:00:16"]

1. Nf3 d5 2. g3 c6 3. Bg2 Bg4 4. O-O Nd7 5. d4 e6 6. b3 Ngf6 7. Bb2 h6 8. Nbd2 Be7 9. Re1 O-O 10. c4 a5 11. Ne5 Bh5 12. Qc2 a4 13. Bc3 Nxe5 14. dxe5 Nd7 15. e4 axb3 16. axb3 Rxa1 17. Rxa1 dxc4 18. Nxc4 b5 19. Nd6 Nxe5 20. Nxb5 cxb5 21. Bxe5 Qb6 22. Rc1 Bg5 23. Bf4 Bxf4 24. gxf4 Rd8 25. h3 Qd4 26. Qc7 Bg6 27. Qb7 b4 28. Qe7 Qd2 29. Rf1 Rd3 30. Ra1 Qxf4 31. Qxb4 Rd2 32. Rf1 Kh7 33. Qc4 Bh5 34. Qc5 Bf3 35. Bxf3 Qxf3 36. Qe3 Qxe3 37. fxe3 Rb2 38. Rxf7 Rxb3 39. Kf2 Kg6 40. Rf8 Rb2+ 41. Kg3 Re2 42. Rf3 Kh5 43. Kf4 Rc2 44. Ke5 Rc6 45. Rf7 g5 46. Rh7 Kg6 47. Rh8 Rc3 48. Kd4 Ra3 49. Rg8+ Kf7 50. Rh8 Kg7 51. Re8 Kf6 52. Rh8 Ra4+ 53. Kd3 Kg7 54. Re8 Ra6 55. Kd4 Kf6 56. Rf8+ Kg7 57. Re8 Kf7 58. Rh8 Rb6 59. Ke5 Rb5+ 60. Kd6 Rb6+ 61. Ke5 Rb5+ 62. Kd6 Rb6+ 63. Ke5 1/2-1/2


[Site "https://www.chess.com"]

[Event "Titled Tuesday Blitz January 04 2022"]
[White "Costachi, Mihnea"]
[Black "Ezat, Mohamed"]
[WhiteFideId "1217518"]
[BlackFideId "10600906"]
[WhiteElo "2464"]
[BlackElo "2386"]
[Result "1-0"]
[Round "07"]
[TimeControl "180+1"]
[Date "2022.01.04"]
[WhiteClock "0:01:03"]
[BlackClock "0:00:30"]

1. e4 c6 2. g3 d5 3. exd5 cxd5 4. Bg2 Nc6 5. Nf3 Bg4 6. h3 Bxf3 7. Qxf3 e6 8. Qb3 Qb6 9. Qxb6 axb6 10. c3 Na5 11. Na3 Bxa3 12. bxa3 Nf6 13. Rb1 Nd7 14. Bf1 O-O 15. d3 Rfc8 16. Kd2 Rc6 17. Rb4 Rac8 18. Bb2 R6c7 19. Be2 Nc6 20. Rb5 Na7 21. Rb4 b5 22. d4 Nb6 23. Rb1 Nc4+ 24. Bxc4 Rxc4 25. Ba1 Kf8 26. a4 bxa4 27. Rxc4 Rxc4 28. Rxb7 Nc6 29. Bb2 a3 30. Bxa3+ Ke8 31. Bc5 e5 32. Rc7 Nd8 33. Re7+ Kf8 34. Rxe5+ Kg8 35. Re8# 1-0


[Site "https://www.chess.com"]

[Event "Titled Tuesday Blitz January 04 2022"]
[White "Danada, Tomas"]
[Black "Kucuksari, Kaan"]
[WhiteFideId "14919362"]
[BlackFideId "6380166"]
[WhiteElo "2051"]
[BlackElo "2305"]
[Result "1/2-1/2"]
[Round "07"]
[TimeControl "180+1"]
[Date "2022.01.04"]
[WhiteClock "0:00:04"]
[BlackClock "0:00:04"]

1. e4 c6 2. Nf3 d5 3. d3 e6 4. Nbd2 Nd7 5. g3 g6 6. Bg2 Bg7 7. O-O Ne7 8. c3 O-O 9. Re1 Nc5 10. Nb3 Nxb3 11. axb3 b6 12. h4 h5 13. e5 c5 14. Bg5 Bb7 15. Qd2 d4 16. c4 Qd7 17. Bf6 Nf5 18. Qf4 Bh6 19. Bg5 Bg7 20. Bh3 a5 21. Bxf5 exf5 22. e6 Qc6 23. exf7+ Rxf7 24. Kg2 Bf8 25. Re5 Bd6 26. Rae1 Bxe5 27. Rxe5 Re8 28. Kf1 Re6 29. Rxe6 Qxe6 30. Qb8+ Qc8 31. Qxc8+ Bxc8 32. Ne5 Ra7 33. Nxg6 Kf7 34. Ne5+ Ke6 35. Ng6 a4 36. Nf4+ Kd6 37. bxa4 Rxa4 38. Nd5 Ra2 39. Nxb6 Be6 40. b3 Rb2 41. Bh6 Rxb3 42. Bf8+ Kc6 43. Na4 Rxd3 44. Nxc5 Bxc4 45. Nxd3 Bxd3+ 46. Ke1 Kd5 47. Kd2 Be4 48. Ke2 Kc4 49. Bg7 Kc3 50. Bf6 Bd3+ 51. Kf3 Bc4 52. Kf4 Be6 53. Kg5 Kd3 54. Kxh5 Ke4 55. Kg6 f4 56. h5 d3 57. Bc3 Bf5+ 58. Kg5 fxg3 59. fxg3 Bh7 60. Kh6 Bf5 61. Kg5 Bh7 62. g4 Kf3 63. Bb4 Be4 64. Bd2 Ke2 65. Bb4 Kf3 66. Ba5 Bh7 67. Bd2 Be4 68. Kh4 Ke2 69. Bb4 d2 70. Bxd2 Kxd2 71. g5 Ke3 72. g6 Kf4 73. h6 Bxg6 74. h7 Bxh7 1/2-1/2


[Site "https://www.chess.com"]